 Dungeon Crawl Stone Soup version 0.29-a0-360-g8ed1089bbe (webtiles) character file.

Game seed: 2556557149442871984

1003 klau3 the Carver (level 8, 0/56 (70) HPs)
             Began as a Minotaur Berserker on Apr 28, 2022.
             Was a Priest of Trog.
             Slain by a wight
             ... wielding a +4 battleaxe
              (3 damage)
             ... on level 5 of the Dungeon.
             The game lasted 00:23:04 (6752 turns).

klau3 the Carver (Minotaur Berserker)               Turns: 6752, Time: 00:23:04

HP:   0/56 (70)     AC: 15    Str: 24    XL:     8   Next: 0%
MP:   7/7           EV:  7    Int:  4    God:    Trog [***...]
Gold: 282           SH:  0    Dex: 10    Spells: 7/7 levels left

rFire   . . .      SeeInvis .   N - +4 long sword (freeze)
rCold   . . .      Faith    .   (no shield)
rNeg    . . .      Spirit   .   j - +1 plate armour
rPois   .          Reflect  .   (helmet restricted)
rElec   .          Harm     .   M - scarf {repulsion}
rCorr   .          Rampage  .   v - +0 pair of gloves
Will    .....                   (no boots)
Stlth   ..........              (no amulet)
HPRegen 0.18/turn               (no ring)
MPRegen 0.10/turn               (no ring)

@: heavily drained, repel missiles
A: horns 2, retaliatory headbutt
a: Renounce Religion, Berserk, Trog's Hand


You were on level 5 of the Dungeon.
You worshipped Trog.
Trog was most pleased with you.
You visited 2 branches of the dungeon, and saw 7 of its levels.

You collected 282 gold pieces.

Inventory:

Hand Weapons
 a - a +0 falchion of protection
 c - a +0 glaive
 e - a +0 war axe
 i - a +0 hunting sling of freezing
 k - a +0 great sword
 w - a +0 rapier
 z - a +0 morningstar
 K - a +6 dagger of draining
 N - a +4 long sword of freezing (weapon)
Missiles
 l - 18 poisoned darts (quivered)
 B - 45 stones
Armour
 b - a +0 animal skin
 d - a +0 ring mail
 j - a +1 plate armour (worn)
 p - a +1 chain mail
 s - a +0 ring mail
 v - a +0 pair of gloves (worn)
 x - a +0 scale mail
 L - a +2 chain mail of cold resistance
 M - a scarf of repulsion (worn)
Wands
 E - a wand of mindburst (9)
 G - a wand of iceblast (11)
 J - a wand of flame (1)
Scrolls
 f - 3 scrolls of fear
 o - 3 scrolls of blinking
 q - 2 scrolls of vulnerability {unknown}
 r - a scroll of torment
 y - 2 scrolls of fog
 C - 3 scrolls of identify
Potions
 g - a potion of might {unknown}
 m - a potion of berserk rage
 n - a potion of resistance {unknown}
 t - a potion of lignification {unknown}
 u - 2 potions of curing {unknown}
 A - a potion of attraction {unknown}
 D - 3 potions of heal wounds {unknown}
 F - 2 potions of mutation {unknown}
 H - a potion of degeneration {unknown}
 I - a potion of cancellation {unknown}


   Skills:
 + Level 5.8 Fighting
 + Level 8.8 Long Blades
 + Level 6.1 Armour
 + Level 2.8 Dodging
 + Level 0.4 Stealth


You had 7 spell levels left.
You didn't know any spells.
Your spell library was empty.

Dungeon Overview and Level Annotations

Branches:
Dungeon (6/15)             Temple (1/1) D:4

Altars:
Ashenzari
Dithmenos
Elyvilon
Gozag
Hepliaklqana
Kikubaaqudgha
Makhleb
Nemelex Xobeh
Okawaru
Ru
Sif Muna
Trog
Uskayaw
Vehumet
Wu Jian
Xom
Zin
The Shining One

Shops:
D:2 ?   D:3 !


Innate Abilities, Weirdness & Mutations

You have a pair of horns on your head.
You reflexively headbutt those who attack you in melee.


Message History

The bullfrog zombie barely misses you. You furiously retaliate!
You headbutt the bullfrog zombie! The wight hits you but does no damage.
The wight hits you with a +4 battleaxe.
You feel drained.
The bullfrog zombie hits you but does no damage.
The wight hits you with a +6 mace. The wight closely misses you.
You furiously retaliate!
You headbutt the wight.
The bullfrog zombie hits you but does no damage.
You climb upwards.
There is a stone staircase leading down, spattered with blood here.
You hit the wight but do no damage.
You headbutt the wight, but do no damage.
The wight is lightly damaged.
The wight hits you with a +4 battleaxe.
You feel drained. The wight hits you with a +6 mace.
You feel drained.
You slash the wight! You freeze the wight. Your headbutt misses the wight.
The wight is severely damaged.
The wight hits you with a +4 battleaxe!
You feel drained. The wight hits you with a +6 mace.
You feel drained.
As you read the scroll of teleportation, it crumbles to dust.
You feel strangely unstable. The wight hits you with a +4 battleaxe.
* * * LOW HITPOINT WARNING * * *
You feel drained.
* * * LOW HITPOINT WARNING * * *
The wight hits you with a +6 mace.
* * * LOW HITPOINT WARNING * * *
As you read the scroll of teleportation, it crumbles to dust.
You feel strangely stable. The wight closely misses you.
The wight hits you with a +6 mace.
* * * LOW HITPOINT WARNING * * *
You hit the wight.
You destroy the wight!
Trog accepts your kill. The wight hits you with a +4 battleaxe.
* * * LOW HITPOINT WARNING * * *
You feel drained.
Your Armour skill increases to level 6!
You have reached level 8!
You feel stronger. The wight attacks as you move away!
The wight hits you with a +4 battleaxe.
You die...

#######...###.##.# #.#.#
#.# ..........#
#.##.####.#.# #.#
.##.###...###...........#
#.# .##.#
#.#...............######.#
....#
#.#.###.##.#####.........#
.######..#....##.#
#.#########
........#.######.# #.#
..........# #)# #.#
.######.### #@# #.#######
.# #...# #z# #.<)))..# .#
###.# #.# #######.# .# #.#
#.# #.# .# #.# ###.### #.#
.##### #.# #.....# #.#
.....####.# ##.#.#.# ###.#
#.........# #....#.# #...#
...#.###### #..###.# #.###


You could see a wight.

Vanquished Creatures
  Grinder (D:5)
  2 scorpions
  3 wights
  3 hounds
  An orc priest (D:3)
  2 gnoll shamans (D:5)
  Ijyb (D:5)
  2 iguanas (D:5)
  An orc wizard (D:3)
  A killer bee zombie (D:6)
  9 gnolls
  5 adders
  An ufetubus (D:4)
  2 worms
  3 dart slugs (D:2)
  11 orcs
  6 bats
  7 endoplasms
  A giant cockroach (D:2)
  7 goblins
  12 hobgoblins
  11 jackals
  8 kobolds
  2 quokkas
  7 ball pythons
  4 frilled lizards
  4 rats
117 creatures vanquished.

Notes
Turn   | Place    | Note
-------+----------+-------------------------------------------
     0 | D:1      | klau3 the Minotaur Berserker began the quest for the Orb.
     0 | D:1      | Reached XP level 1. HP: 19/19 MP: 0/0
   269 | D:1      | Noticed a floating eye
   274 | D:1      | Found a faded altar of an unknown god.
   359 | D:1      | Noticed an eye of devastation
   359 | D:1      | Noticed an eye of devastation
   359 | D:1      | Noticed an eye of devastation
   509 | D:1      | Reached XP level 2. HP: 21/27 MP: 1/1
   709 | D:1      | Reached skill level 4 in Long Blades
  1218 | D:2      | Reached XP level 3. HP: 26/33 MP: 2/2
  1346 | D:2      | Found Yfeimpev's Magic Scroll Emporium.
  1361 | D:2      | Reached ** piety under Trog
  1838 | D:2      | Reached XP level 4. HP: 25/41 MP: 3/3
  2726 | D:3      | Found Pisewoe's Distillery.
  2813 | D:3      | Reached skill level 5 in Long Blades
  2881 | D:3      | Reached XP level 5. HP: 47/47 MP: 4/4
  2931 | D:3      | Reached *** piety under Trog
  3668 | D:4      | Reached skill level 6 in Long Blades
  3676 | D:4      | Reached skill level 5 in Fighting
  3682 | D:4      | Reached XP level 6. HP: 34/56 MP: 5/5
  4065 | D:4      | Found a staircase to the Ecumenical Temple.
  4092 | Temple   | Entered the Ecumenical Temple
  4657 | D:5      | Entered Level 5 of the Dungeon
  4966 | D:5      | Reached skill level 7 in Long Blades
  5238 | D:5      | Noticed Grinder
  5243 | D:5      | Paralysed by Grinder for 3 turns
  5264 | D:5      | Killed Grinder
  5265 | D:5      | Reached XP level 7. HP: 24/62 MP: 6/6
  5562 | D:5      | Noticed Ijyb
  5582 | D:5      | Killed Ijyb
  5583 | D:5      | Reached skill level 8 in Long Blades
  5772 | D:5      | Found an ancient bone altar of Kikubaaqudgha.
  5796 | D:5      | Reached skill level 5 in Armour
  6752 | D:5      | Reached XP level 8. HP: 3/56 MP: 7/7
  6752 | D:5      | Slain by a wight

Illustrated notes

Levels and vault maps discovered:
D:1:      dpeg_arrival_tiny_e, layout_loops_ring,
          hellmonk_ecumenical_altar_watching_god, minmay_cupped
D:2:      layout_loops_corners, serial_shops, shop, grunt_decor_mini_mirrors,
          kennysheep_potato
D:3:      layout_loops_ring, serial_shops, nicolae_square_shop
D:4:      layout_basic, minmay_temple_entry_hall, serial_bayou_pond_d,
          minmay_fractal_squares_5
D:5:      layout_loops_ring, general_overflow_altar, uniq_grinder, uniq_ijyb
D:6:      layout_basic, mainiacjoe_overflow_alcove_4,
          nicolae_yredelemnul_corpse_copse, serial_shops, shop
Temple:   minmay_crystal_spiral_temple

Skill      XL: |  1  2  3  4  5  6  7 |
---------------+----------------------+-----
Fighting       | 4 5 |  5.8
Long Blades    | 4 5 6 7 8 |  8.8
Armour         | 3 4 6 |  6.1
Dodging        | |  2.8
Stealth        | |  0.4

Action                   |  1- 3 |  4- 6 |  7- 9 || total
-------------------------+-------+-------+-------++-------
Melee: Falchion          |   103 |   172 |    77 ||   352
       Headbutt          |    10 |    33 |    22 ||    65
       Long sword        |       |       |     4 ||     4
       Punch             |       |       |     2 ||     2
  Use: Scroll            |     1 |    10 |     2 ||    13
       Potion            |       |     1 |       ||     1
Armor: Ring mail         |    26 |       |       ||    26
       Chain mail        |    46 |    34 |       ||    80
       Plate armour      |       |   126 |    41 ||   167
Dodge: Dodged            |    61 |   101 |    37 ||   199

Table legend: (Time is in decaauts)
 A = Elapsed time spent in this place.
 B = Non-inter-level travel time spent in this place.
 C = Inter-level travel time spent in this place.
 D = Time resting spent in this place.
 E = Time spent auto-exploring this place.
 F = Levels seen in this place.
 G = Mean time per level.
                   A        B        C        D        E       F      G
               +--------+--------+--------+--------+--------+-----+--------+
         Total |   6736 |   6628 |    108 |   1508 |   1900 |   7 |  962.3 |
       Dungeon |   6357 |   6314 |     43 |   1508 |   1900 |   6 | 1059.5 |
        Temple |    378 |    313 |     65 |      0 |      0 |   1 |  378.0 |
               +--------+--------+--------+--------+--------+-----+--------+

Top non-repeatable levels by time:
     D:5: 2008 daAuts
     D:2: 1371 daAuts
     D:1: 1189 daAuts
     D:4: 1012 daAuts
     D:3: 713 daAuts
  Temple: 378 daAuts
     D:6: 63 daAuts
